 Dungeon Crawl Stone Soup version 0.22-a0-402-ga933591 (webtiles) character file.

98 Borgoz the Skirmisher (level 4, -5/29 HPs)
             Began as a Gargoyle Monk on May 6, 2018.
             Slain by Natasha (6 damage)
             ... on level 2 of the Dungeon.
             The game lasted 00:02:17 (2381 turns).

Borgoz the Skirmisher (Gargoyle Monk)               Turns: 2381, Time: 00:02:17

Health: -5/29      AC:  5    Str: 15    XL:     4   Next: 71%
Magic:  4/4        EV: 13    Int: 12    God:
Gold:   86         SH:  0    Dex: 13    Spells: 3/3 levels left

rFire    . . .     SeeInvis .   a - +0 short sword
rCold    . . .     Gourm    .   (no shield)
rNeg     + . .     Faith    .   b - +0 robe
rPois    ∞         Spirit   .   (helmet restricted)
rElec    +         Reflect  .   (no cloak)
rCorr    .         Harm     .   (no gloves)
MR       .....                  (no boots)
Stlth    ++........             (no amulet)
HPRegen  0.09/turn              (no ring)
MPRegen  0.09/turn              (no ring)

@: no status effects
A: horns 1, clever 1, negative energy resistance 1, electricity resistance,
unbreathing, petrification resistance, rot immunity, AC +3
a: no special abilities


You were on level 2 of the Dungeon.
You were hungry.

You visited 1 branch of the dungeon, and saw 3 of its levels.

You collected 86 gold pieces.

Inventory:

Hand Weapons
 a - a +0 short sword (weapon)
Armour
 b - a +0 robe (worn)
Scrolls
 d - 6 scrolls of teleportation
 e - a scroll of enchant armour {unknown}
 m - a scroll of identify {unknown}
 n - a scroll of remove curse {unknown}
Potions
 f - a potion of curing
 h - a potion of flight {unknown}
 i - a potion of brilliance {unknown}
 j - a potion of might {unknown}
 k - a potion of mutation
Comestibles
 c - 3 rations


   Skills:
 + Level 3.9 Fighting
 * Level 3.6 Short Blades
 + Level 2.9 Dodging
 + Level 3.1 Stealth


You had 3 spell levels left.
You didn't know any spells.

Dungeon Overview and Level Annotations

Branches:
Dungeon (3/15)

Altars:
Fedhas
Zin
The Shining One

Annotations:
D:2 Natasha


Innate Abilities, Weirdness & Mutations

You are resistant to torment.
Your stone body is resilient. (AC +3)
You are immune to poison.
You resist negative energy. (rN+)
You are resistant to electric shocks. (rElec)
You can survive without breathing.
You are immune to petrification.
You are immune to rotting.
You have a pair of small horns on your head.
Your mind is acute. (Int +2)


Message History

Natasha is lightly wounded.
Natasha closely misses you.
The white imp hits you but does no damage.
You closely miss Natasha.
Natasha is lightly wounded.
Natasha wildly gestures.
You feel troubled. Natasha claws you but does no damage.
The white imp gestures at you. The puff of frost hits you!
* * * LOW HITPOINT WARNING * * *
It was a potion of cancellation.
You feel magically purged. Natasha closely misses you. The white imp hits you.
* * * LOW HITPOINT WARNING * * *
The white imp freezes you.
* * * LOW HITPOINT WARNING * * *
It was a potion of mutation.
You feel extremely strange. A pair of horns grows on your head!
You feel clever. Natasha claws you.
You die...

######### ### #.......# #.##
#.......# #...
####.####..#################.##
#.......#..................#.#
#....##.#.######.#########.#.#
###.....#.#.## #.##....# #.#.#
......_......#####.##....###.#.##
..#.#.....##...h@5..)>)..........
..#.##....##.......##)...###.#.##
..#.......######.####.)..# #.#.#.
..####.#####...#.# #....###.#.#.
.......### ###.#.# #.....##.#.#.
.........# #.#.# #.....##.#.#.
.........# #.#.# #.....##.#.##
'######### #.#.######'#....#.# .#
#.#.#....#.######.#


You could see Natasha and a white imp.

Vanquished Creatures
  Natasha (D:2)
  3 adders (D:2)
  An ooze (D:1)
  A dart slug (D:2)
  4 orcs (D:2)
  2 giant cockroaches (D:2)
  A goblin (D:2)
  3 hobgoblins
  3 jackals (D:2)
  6 kobolds
  A quokka (D:2)
  A ball python (D:1)
  6 bats
  4 frilled lizards
37 creatures vanquished.

Notes
Turn   | Place    | Note
-------+----------+-------------------------------------------
     0 | D:1      | Borgoz the Gargoyle Monk began the quest for the Orb.
     0 | D:1      | Reached XP level 1. HP: 14/14 MP: 1/1
   258 | D:1      | Reached XP level 2. HP: 13/19 MP: 2/2
   807 | D:2      | Found a glowing silver altar of Zin.
   835 | D:2      | Reached XP level 3. HP: 23/23 MP: 3/3
   902 | D:2      | Found a blossoming altar of Fedhas.
  1077 | D:2      | Reached XP level 4. HP: 29/29 MP: 4/4
  1373 | D:2      | Found a glowing golden altar of the Shining One.
  1509 | D:2      | Noticed Natasha
  1531 | D:2      | Killed Natasha
  2373 | D:2      | Noticed Natasha
  2380 | D:2      | HP: 1/29 [white imp[Natasha] (4)]
  2381 | D:2      | Gained mutation: You have a pair of small horns on your head. [potion of mutation]
  2381 | D:2      | Gained mutation: Your mind is acute. (Int +2) [potion of mutation]
  2381 | D:2      | Slain by Natasha

Vault maps used:
D:1:      wheals_arrival_linesprint
D:2:      fedhas_altar_2, nicolae_tso_carved_into_rock,
          nicolae_overflow_crystal_walls, uniq_natasha
D:3:      lemuel_crystal_altar, old_standard_altar,
          nicolae_ashenzari_panopticon, first_ration, uniq_grinder

Skill      XL: |  1  2  3  4 |
---------------+-------------+-----
Short Blades   | 3 |  3.6
Stealth        | 3 |  3.1
Fighting       | |  3.9
Dodging        | |  2.9

Action                   |  1- 3 |  4- 6 || total
-------------------------+-------+-------++-------
Melee: Short sword       |    83 |    56 ||   139
  Use: Scroll            |     1 |       ||     1
       Potion            |       |     3 ||     3
 Stab: Sleeping          |     6 |     2 ||     8
  Eat: Chunk             |       |     4 ||     4
Armor: Robe              |    29 |    12 ||    41
Dodge: Dodged            |    53 |    31 ||    84

Table legend:
 A = Spawn XP
 B = Non-spawn XP
 C = Spawn XP percentage of total XP
 D = Spawn monster count
 E = Non-spawn monster count
 F = Spawn count percentage of total count
 G = Total turns spent on level
                    A         B        C        D         E        F      G
               +---------+---------+-------+---------+---------+-------+---------
         Total |       0 |     141 |   0.0 |       0 |      37 |   0.0 |  2381
               +---------+---------+-------+---------+---------+-------+---------
           D:1 |       0 |      21 |   0.0 |       0 |      12 |   0.0 |   682
           D:2 |       0 |     120 |   0.0 |       0 |      25 |   0.0 |  1692
               +---------+---------+-------+---------+---------+-------+---------
